[Event "Live Chess"]
[Site "Chess.com"]
[Date "2024.06.01"]
[Round "-"]
[White "gobbles19"]
[Black "ACM42"]
[Result "1-0"]
[WhiteElo "2262"]
[BlackElo "2164"]
[TimeControl "300"]
[EndTime "13:58:55 PDT"]
[Termination "gobbles19 won on time"]

1. e4 e6 2. d3 d5 3. Qe2 Nf6 4. Nf3 c5 5. g3 Nc6 6. c3 Be7 7. Bg2 O-O 8. O-O b5 9. Rd1 b4 10. Nbd2 a5 11. Nf1 Ba6 12. exd5 exd5 13. h3 Re8 14. Qc2 Qb6 15. g4 c4 16. dxc4 Bxc4 17.
Be3 b3 18. Qf5 Qa6 19. axb3 Bxb3 20. Re1 a4 21. Ng3 Qc8 22. Qf4 Qd7 23. g5 Bd6 24. Qh4 Ne4 25. Bf4 a3 26. bxa3 Nxc3 27. Bxd6 Qxd6 28.
Nf5 Qg6 29. N3d4 Bc4 30. Nxc6 Qxc6 31. Ne7+ Rxe7 32. Rxe7 Qc5 33. Rae1 Bb5 34. Qb4 Qxb4 35. axb4 g6 36. Rb7 Bc4 37. Rd7 Rb8 38. Ree7 d4 39. Rxd4 Ne2+ 40. Rxe2 Bxe2 41. Bc6 f6 42. gxf6 Kf7 43. b5 Kxf6 44. f3 Rb6 45. Rb4 Bd3 46.
Kf2 Ke5 47. Ke3 Bf1 48. Re4+ Kd6 49. Rd4+ Kc5 50. Rd5+ Kb4 51. Rd4+ Kc5 52. Rd7 Bxb5 53. Bxb5 Kxb5 54. Rxh7 Rf6 55. Ke4 Kc5 56. Rd7 Kc6 57.
Rd1 Rf5 58. f4 Rh5 59. Rd3 Kc5 60. Rg3 1-0

[Event "Live Chess"]
[Site "Chess.com"]
[Date "2024.06.01"]
[Round "-"]
[White "jellhhggffhjjjjjj"]
[Black "Sweet-O"]
[Result "0-1"]
[WhiteElo "227"]
[BlackElo "1549"]
[TimeControl "300"]
[EndTime "13:59:13 PDT"]
[Termination "Sweet-O won by checkmate"]

1. b3 e5 2. Bb2 d5 3. d3 d4 4. Nd2 a5 5. e4 a4 6. f4 Qh4+ 7.
g3 Qf6 8. fxe5 Qxe5 9. Ngf3 Qf6 10. Bxd4 Qg6 11. Bg2 axb3 12. cxb3 Bb4 13. Qc2 Nc6 14. Bc3 Bc5 15. d4 Bb6 16. a4 Nf6 17. Qb2 O-O 18.
O-O Nxe4 19. Nxe4 Qxe4 20. Ne5 Qe3+ 21. Kh1 Bxd4 22. Bxd4 Qxd4 23. Qxd4 Nxd4 24. Rad1 Nxb3 25. Rb1 Nc5 26. Rfc1 Bf5 27. Ra1 Nb3 28. Rxc7 Nxa1 29. Bxb7 Rad8 30. Nc6 Rd1+ 31. Kg2 Be4+ 32. Kh3 Bxc6 33.
Bxc6 Rc1 34. a5 Nb3 35. a6 Na5 36. Bg2 Rxc7 37. Bb7 Nxb7 38. axb7 Rxb7 39. Kg2 Rc8 40. Kh3 Rc6 41. Kg4 Rg6+ 42. Kh3 Rb5 43. Kh4 Rh6+ 44.
Kg4 Rb4+ 45. Kf3 Rc6 46. Kg2 g5 47. Kh3 h5 48. Kg2 g4 49. h3 Rc2+ 50. Kg1 Rb1# 0-1

[Event "Live Chess"]
[Site "Chess.com"]
[Date "2024.06.01"]
[Round "-"]
[White "kingside_rook"]
[Black "Duke_of_Bebington"]
[Result "0-1"]
[WhiteElo "1974"]
[BlackElo "1627"]
[TimeControl "300"]
[EndTime "13:59:43 PDT"]
[Termination "Duke_of_Bebington won by resignation"]

1. d4 d5 2. c4 c6 3. Nf3 Nf6 4. g3 Bf5 5. Bg2 e6 6. O-O dxc4 7. Nbd2 b5 8. a4 a6 9. b3 c3 10. Ne5 cxd2 11. Qxd2 Be4 12. f3 Bd5 13. axb5 cxb5 14. e4 Bxb3 15. Qe3 Bc4 16. Rd1 Bb4 17. Nxc4 bxc4 18.
Bf1 c3 19. Bb5+ Nfd7 20. Ba4 O-O 21. d5 Nb6 22. dxe6 Qc7 23. exf7+ Rxf7 24. Bb3 Bc5 25. Bxf7+ Kxf7 26. Kg2 Bxe3 27. Bxe3 Nc6 28. Rdc1 Ne5 29. Rab1 Nbc4 30. Rxc3 Nxe3+ 31. Rxe3 Qc2+ 0-1

[Event "Live Chess"]
[Site "Chess.com"]
[Date "2024.06.01"]
[Round "-"]
[White "StoreySniper"]
[Black "ProfPoisson"]
[Result "1-0"]
[WhiteElo "2535"]
[BlackElo "1284"]
[TimeControl "300"]
[EndTime "13:59:50 PDT"]
[Termination "StoreySniper won by checkmate"]

1. d4 e6 2. Nf3 f5 3. g3 Nf6 4.
Bg2 Be7 5. O-O d6 6. c4 O-O 7. Nc3 Ne4 8. Nd2 Nxc3 9. bxc3 Bf6 10. e4 fxe4 11. Nxe4 d5 12. Nxf6+ Rxf6 13. Bg5 Qf8 14. Bxf6 Qxf6 15. cxd5 exd5 16. Bxd5+ Kh8 17. Re1 h6 18. Re8+ Kh7 19. Qd3+ Bf5 20. Be4 g6 21. Bxf5 Qxf5 22. Rae1 Qxd3 23. R1e7# 1-0

[Event "Live Chess"]
[Site "Chess.com"]
[Date "2024.06.01"]
[Round "-"]
[White "Tushinskiy"]
[Black "chessfiction"]
[Result "0-1"]
[WhiteElo "2259"]
[BlackElo "2375"]
[TimeControl "300"]
[EndTime "13:59:53 PDT"]
[Termination "chessfiction won by resignation"]

1. d4 d6 2. c3 Nf6 3. Nf3 g6 4. Bg5 Bg7 5. Bh4 O-O 6. Nbd2 c5 7. e3 Nc6 8. Bd3 e5 9. dxe5 dxe5 10. Ne4 Bf5 11.
Nxf6+ Bxf6 12. Bxf5 Bxh4 13. Be4 Be7 14. Bxc6 bxc6 15.
Qxd8 Rfxd8 16. Nxe5 Bf6 17. Nxc6 Rd6 18. Na5 Rad8 19.
Nc4 Ra6 20. Ke2 Ra4 21. b3 Ra6 22. a4 Bxc3 23. Rad1 Rb8 24. Rb1 Kg7 25. Rhd1 h5 26. Rd7 Rxa4 27. Nd6 Ra2+ 28. Kd3 Bb4 29. Ne4 a5 30.
Rc1 Rb2 31. Kc4 Ba3 32. Rc3 Rb4+ 33. Kd5 R4xb3 34. Rxb3 Rxb3 35. Nd6 Rd3+ 36. Kc4 Rd2 37. Rxf7+ Kg8 38. Rd7 Rxf2 39. Ne4 Rxg2 40. Nf6+ Kf8 41. e4 Bb2 42. Nd5 Rxh2 43. Ra7 Rd2 44. e5 Bxe5 45. Rxa5 h4 46. Kxc5 h3 47. Ra3 h2 48. Rh3 Rd1 0-1

[Event "Live Chess"]
[Site "Chess.com"]
[Date "2024.06.01"]
[Round "-"]
[White "agamilewska"]
[Black "nigelst"]
[Result "0-1"]
[WhiteElo "1757"]
[BlackElo "1670"]
[TimeControl "300"]
[EndTime "14:00:13 PDT"]
[Termination "nigelst won by checkmate"]

1. d4 Nf6 2. c4 e6 3. Nc3 Bb4 4. Nf3 c5 5. e3 O-O 6. Be2 d6 7.
O-O Bxc3 8. bxc3 Nbd7 9. Ba3 Re8 10. d5 e5 11. e4 Nxe4 12. Qd3 f5 13. Bd1 Qa5 14. Bb2 Qd8 15. Bc2 g6 16. Nd2 Nxd2 17.
Qxd2 Nf6 18. f3 e4 19. fxe4 Nxe4 20. Bxe4 Rxe4 21. Qd3 Bd7 22. Rae1 Qe7 23. Rxe4 fxe4 24. Qe3 Rf8 25. Rxf8+ Kxf8 26. Bc1 Kg8 27. Kf2 Qf6+ 28. Kg1 Qe5 29. h3 b6 30. Bd2 Bc8 31. Qg5 Qxg5 32. Bxg5 Kg7 33. Be7 Ba6 34. Bxd6 Bxc4 35. Be5+ Kf7 36. d6 Ke6 37. Bf4 Bxa2 38. Kf2 b5 39. Ke3 Bb1 40. g4 a5 41. Kd2 a4 42. Kc1 Bd3 43. Kb2 b4 44. cxb4 cxb4 45. h4 Bc4 46. h5 gxh5 47. gxh5 a3+ 48. Kc2 b3+ 49. Kb1 Bd3+ 50. Kc1 b2+ 51. Kd2 b1=Q 52. Ke3 Qe1+ 53. Kd4 Qb4+ 54. Ke3 a2 55. h6 a1=Q 56. Kf2 Qc5+ 57.
Kg3 Qag1+ 58. Kh4 Qcf2+ 59. Kh5 Be2# 0-1

[Event "Live Chess"]
[Site "Chess.com"]
[Date "2024.06.01"]
[Round "-"]
[White "Queensandpawns"]
[Black "matt1979"]
[Result "1-0"]
[WhiteElo "2382"]
[BlackElo "1374"]
[TimeControl "300"]
[EndTime "14:00:19 PDT"]
[Termination "Queensandpawns won by checkmate"]

1. e4 d6 2. d4 Nf6 3. Nc3 Nbd7 4.
Nf3 e5 5. dxe5 dxe5 6. Bc4 Bb4 7.
Ng5 O-O 8. O-O Bxc3 9. bxc3 h6 10.
Nf3 Nxe4 11. Re1 Nxc3 12. Qd3 e4 13. Qxc3 exf3 14. Bb2 Nf6 15. Rad1 Bd7 16. Qxf3 c6 17. Rd6 Qc7 18. Rxf6 g6 19. Rxg6+ Kh7 20. Qf6 Rg8 21. Rxh6# 1-0

[Event "Live Chess"]
[Site "Chess.com"]
[Date "2024.06.01"]
[Round "-"]
[White "AndrewBak1"]
[Black "Silverback7829"]
[Result "1-0"]
[WhiteElo "1847"]
[BlackElo "959"]
[TimeControl "300"]
[EndTime "14:00:25 PDT"]
[Termination "AndrewBak1 won by checkmate"]

1. e4 e5 2. Nf3 Nc6 3. Bc4 d6 4. O-O Bg4 5. h3 Bxf3 6. Qxf3 Nf6 7. Re1 Nd4 8. Qd3 Nc6 9. Nc3 Nb4 10. Bb5+ Nd7 11. Qc4 Na6 12. Bxa6 bxa6 13. Qxa6 Nc5 14. Qc6+ Ke7 15. Nd5+ Ke6 16. Nxc7+ Ke7 17. Nxa8 g6 18. Nc7 Bh6 19. Nd5+ Ke6 20. d3 Qa5 21. Bxh6 Qd2 22. Bxd2 f5 23. exf5+ gxf5 24. Bb4 Rg8 25. Bxc5 Rg5 26.
Qxd6+ Kf7 27. Qf6+ Ke8 28. Ne7 Kd7 29. Qd6+ Ke8 30. Nxf5 Rxf5 31. Qe7# 1-0

[Event "Live Chess"]
[Site "Chess.com"]
[Date "2024.06.01"]
[Round "-"]
[White "educatedlad"]
[Black "Mangoalo"]
[Result "0-1"]
[WhiteElo "1723"]
[BlackElo "1064"]
[TimeControl "300"]
[EndTime "14:00:30 PDT"]
[Termination "Mangoalo won by checkmate"]

1. d4 Nf6 2. Nf3 e6 3. c4 Bb4+ 4. Nc3 b5 5. a3 Bxc3+ 6. bxc3 bxc4 7. e4 O-O 8. e5 Ne8 9. Bxc4 d6 10. Bd3 dxe5 11. Nxe5 Nd7 12. Qh5 g6 13. Qh6 Nxe5 14. dxe5 Qxd3 15. Bg5 Qxc3+ 16. Ke2 Ba6+ 17. Kd1 Qxa1+ 18.
Kd2 Qxh1 19. Be7 Ng7 20. Bf6 Nh5 21. g4 Qd5+ 22. Ke1 Qa5+ 23. Kd1 Qa4+ 24. Kd2 Qd4+ 25. Ke1 Qc3+ 26. Kd1 Qa1+ 27. Kd2 Qd4+ 28. Ke1 Rfd8 29. Bxd8 Rxd8 30. gxh5 Qd2+ 31. Qxd2 Rxd2 32.
Kxd2 gxh5 33. Kc3 c6 34. Kb4 Kg7 35. Kc5 Bb5 36. f4 Kg6 37. Kb4 Kf5 38. a4 Bxa4 39. Kxa4 Kxf4 40. Kb4 Kxe5 41. Kc4 f5 42. Kd3 Kf4 43. Ke2 h4 44. h3 a5 45. Kf2 a4 46.
Kg2 a3 47. Kf2 a2 48. Ke2 a1=Q 49. Kd3 Qh1 50. Kc4 Qxh3 51. Kc5 Qf3 52. Kd6 h3 53. Ke7 h2 54. Kf6 h1=Q 55. Kg7 Qg4+ 56. Kh8 Qgd1 57. Kg7 Qd6 58. Kh8 Qd8+ 59. Kg7 Qe7+ 60.
Kh8 Qf8# 0-1

[Event "Live Chess"]
[Site "Chess.com"]
[Date "2024.06.01"]
[Round "-"]
[White "Zhevzh1k7"]
[Black "NeilDruggan73"]
[Result "1/2-1/2"]
[WhiteElo "1106"]
[BlackElo "1752"]
[TimeControl "300"]
[EndTime "14:00:53 PDT"]
[Termination "Game drawn by repetition"]

1. e4 d6 2. Nf3 Nf6 3. Nc3 g6 4. Bc4 Bg7 5. d4 Nxe4 6. Nxe4 d5 7. Bxd5 Qxd5 8. Nc3 Qc4 9. Qe2 Qxe2+ 10. Nxe2 Bg4 11. Ne5 Bxe2 12. Kxe2 Nd7 13. Nxd7 Kxd7 14. c3 Rad8 15.
Bf4 h6 16. Rhe1 g5 17. Bg3 f5 18.
h3 f4 19. Bh2 Kc6 20. Kd3 Rd7 21. g3 e5 22. gxf4 exf4 23. f3 b5 24. Re4 Rhd8 25.
Rae1 a5 26. Re6+ Rd6 27. Rxd6+ Rxd6 28. h4 b4 29. hxg5 hxg5 30. Rg1 Bf6 31. Rg4 a4 32. Bg1 Re6 33. cxb4 Re1 34. Kc3 Kd5 35. Bf2 Re2 36. Bg1 Re1 37. Bf2 Re2 38. Bg1 Re1 1/2-1/2

[Event "Live Chess"]
[Site "Chess.com"]
[Date "2024.06.01"]
[Round "-"]
[White "NAZRIZ1977"]
[Black "oscalik"]
[Result "1-0"]
[WhiteElo "2149"]
[BlackElo "2333"]
[TimeControl "300"]
[EndTime "14:01:16 PDT"]
[Termination "NAZRIZ1977 won on time"]

1. d4 Nf6 2. Nf3 g6 3. g3 Bg7 4.
Bg2 O-O 5. O-O d6 6. b3 c5 7.
Bb2 Nc6 8. d5 Nb8 9. c4 Bg4 10. h3 Bxf3 11. Bxf3 a6 12. a4 a5 13.
Nc3 Na6 14. Nb5 Nb4 15. e4 Qc8 16. Bg2 Rd8 17. Re1 Ne8 18. Bxg7 Nxg7 19. Qd2 Rd7 20.
Rad1 Qf8 21. Qb2 Rad8 22. f4 e6 23. Nc3 Nh5 24. Kh2 Qg7 25. Re2 Re8 26. Red2 exd5 27.
Nxd5 Nxd5 28. Qxg7+ Nxg7 29. Rxd5 Red8 30. e5 Nf5 31.
R1d3 Nd4 32. Rxd6 Rxd6 33. exd6 Rxd6 34. Bxb7 Rb6 35. Bd5 Nxb3 36. Re3 Nd4 37. h4 Rb2+ 38. Kh3 Kf8 39. h5 Nf5 40. Rd3 Rb1 41. g4 Nd4 42. hxg6 hxg6 43. f5 Kg7 44. fxg6 Kxg6 45. Kh4 Rb2 46. Be4+ Kg7 47. Bd5 Rh2+ 48. Kg3 Rb2 49.
Re3 Rb3 50. Rxb3 Nxb3 51. Kf4 Kf6 52. g5+ Ke7 53. Ke5 Nd2 54. Kf5 Nb1 55. Bc6 Nc3 56. Bb5 Ne2 57. Ke4 Nd4 58. Kd5 Ne6 59. g6 fxg6 60. Bc6 g5 61. Ke5 g4 62. Bd5 Nd4 63. Kf4 Kd6 64. Kxg4 Nb3 65. Kf4 Nd2 66. Ke3 Nb3 67. Kd3 Nd4 68. Kc3 Nf5 69. Bb7 Ne7 70.
Ba6 Nc6 71. Bb5 Nb4 72. Kb2 Kc7 73. Kb3 Kb6 74. Ka3 Nc6 75. Kb3 Nd4+ 76. Ka3 Nxb5+ 77. Kb3 1-0

[Event "Live Chess"]
[Site "Chess.com"]
[Date "2024.06.01"]
[Round "-"]
[White "DylanMeyer1"]
[Black "Dhaydon19"]
[Result "0-1"]
[WhiteElo "1712"]
[BlackElo "2679"]
[TimeControl "300"]
[EndTime "14:02:04 PDT"]
[Termination "Dhaydon19 won by resignation"]

1. c4 e6 2. Nc3 d5 3. cxd5 exd5 4. g3 Nf6 5. Bg2 Be7 6. e3 c6 7. Nge2 O-O 8. O-O Nbd7 9. b3 Re8 10. Bb2 Nf8 11. d4 Ng6 12. Qc2 Bd6 13. Rae1 Bg4 14. h3 Be6 15. Kh2 Qd7 16. f3 Nh4 17. Nf4 Nxg2 18. Nxg2 Bxh3 19. Nf4 Bxf4 20. exf4 Bf5 21. Qd2 h5 22. Rxe8+ Rxe8 23. Re1 Rxe1 24. Qxe1 Qe6 25.
Qd2 Qd6 26. Nd1 b6 27. Ne3 Bd7 28. Kg2 h4 29. Nf1 hxg3 30. Kxg3 Nh5+ 31. Kf2 Nxf4 32. Ne3 Nh3+ 33. Ke1 Qg3+ 34. Kd1 Qxf3+ 35. Kc2 Nf2 36. Kb1 Ne4 37. Qd3 Bf5 38. Nxf5 Qxd3+ 0-1

[Event "Live Chess"]
[Site "Chess.com"]
[Date "2024.06.01"]
[Round "-"]
[White "RichardABates"]
[Black "Ferrarifan27"]
[Result "1-0"]
[WhiteElo "2208"]
[BlackElo "2054"]
[TimeControl "300"]
[EndTime "14:02:22 PDT"]
[Termination "RichardABates won by resignation"]

1. d4 Nf6 2. c4 e6 3. Nf3 Bb4+ 4.
Bd2 Qe7 5. g3 O-O 6. Bg2 d5 7.
O-O Bxd2 8. Qxd2 dxc4 9. Na3 Bd7 10. Nxc4 Nc6 11. e3 Rad8 12. Qc2 Nb4 13. Qb3 b6 14. a3 Nc6 15. Nfe5 Nxe5 16. Nxe5 c5 17. Nxd7 Nxd7 18.
Rfd1 cxd4 19. Rxd4 Nc5 20. Qb4 Rxd4 21. exd4 a5 22.
Qxb6 Na4 23. Qxa5 Nxb2 24. Qb5 Qa7 25. Qxb2 Rb8 26. Qc3 g6 27. Rc1 Rd8 28. Qc5 Qa4 29. d5 exd5 30. Bxd5 Qd7 31. Rd1 1-0

[Event "Live Chess"]
[Site "Chess.com"]
[Date "2024.06.01"]
[Round "-"]
[White "LL220284LL"]
[Black "cymbalshift"]
[Result "1-0"]
[WhiteElo "2554"]
[BlackElo "1493"]
[TimeControl "300"]
[EndTime "14:02:26 PDT"]
[Termination "LL220284LL won on time"]

1. Nf3 Nf6 2. b3 b6 3. Bb2 Bb7 4. e3 e6 5. Be2 c5 6. O-O Be7 7. d4 O-O 8. c4 Qc7 9. Nc3 a6 10.
Rc1 d5 11. cxd5 exd5 12. dxc5 bxc5 13. Na4 Nbd7 14. Rc2 Rac8 15. Qa1 Bd6 16. Rfc1 Rfe8 17. h3 Qd8 18. Bxf6 gxf6 19. Rd1 Qe7 20. Rcd2 Ne5 21.
Nxe5 fxe5 22. Bg4 Rcd8 23. Qb1 d4 24. Qf5 Bc8 25. Qh5 Bxg4 26. Qxg4+ Kh8 27. Nb6 Rg8 28. Qf5 Rg5 29. Qc2 Rdg8 30. f3 Qb7 31. Nc4 Qxf3 32.
Nxd6 Qxe3+ 33. Kh1 d3 34. Rxd3 Qf4 35. Rf3 Qh4 36.
Nxf7+ Kg7 37. Nxg5 1-0

[Event "Live Chess"]
[Site "Chess.com"]
[Date "2024.06.01"]
[Round "-"]
[White "wadsy27"]
[Black "jellhhggffhjjjjjj"]
[Result "0-1"]
[WhiteElo "2530"]
[BlackElo "319"]
[TimeControl "300"]
[EndTime "14:02:28 PDT"]
[Termination "jellhhggffhjjjjjj won - game abandoned"]

1. d4 b6 2. e4 Bb7 3. Bd3 e5 4. Nf3 exd4 5. O-O d5 6. exd5 Bxd5 7. Re1+ Ne7 8. Nxd4 c5 9. Nf5 Nc6 10. Bg5 f6 11. Bb5 fxg5 12. Nc3 Bxg2 13. Nd6+ Kd7 14. Nf7+ Kc8 15. Nxd8 Nxd8 16. Qd7+ Kb8 17. Qxd8+ Nc8 18. Kxg2 h5 19. Nd5 a6 0-1

[Event "Live Chess"]
[Site "Chess.com"]
[Date "2024.06.01"]
[Round "-"]
[White "uselessduffer"]
[Black "nitrofish07"]
[Result "1-0"]
[WhiteElo "2380"]
[BlackElo "2094"]
[TimeControl "300"]
[EndTime "14:03:01 PDT"]
[Termination "uselessduffer won by resignation"]

1. e4 c5 2. Nc3 a6 3. g3 g6 4. Bg2 Bg7 5. d3 d6 6. Be3 Nc6 7. Qd2 e6 8. Nge2 Nd4 9. O-O Ne7 10. Bh6 O-O 11. Nxd4 cxd4 12. Ne2 e5 13. Bxg7 Kxg7 14. c3 dxc3 15. Qxc3 Be6 16. d4 f6 17. b3 Rc8 18.
Qd2 Qb6 19. f4 f5 20. Kh1 fxe4 21. fxe5 dxe5 22. Bxe4 Rxf1+ 23. Rxf1 Rd8 24. Qg5 Bd5 25. Qxe7+ 1-0

[Event "Live Chess"]
[Site "Chess.com"]
[Date "2024.06.01"]
[Round "-"]
[White "dl_chess"]
[Black "kylet1990"]
[Result "1-0"]
[WhiteElo "1185"]
[BlackElo "734"]
[TimeControl "300"]
[EndTime "14:03:15 PDT"]
[Termination "dl_chess won by checkmate"]

1. e4 c6 2. d4 d5 3. Nc3 dxe4 4.
Nxe4 Bf5 5. Ng3 e6 6. Nxf5 exf5 7. Bd3 g6 8. Nf3 Bd6 9. O-O Nd7 10. Re1+ Be7 11.
Bg5 b5 12. c4 bxc4 13. Bxc4 f6 14. Be3 Nh6 15. Bxh6 Qc7 16. Be3 Nb6 17. Bb3 O-O-O 18. Rc1 Bd6 19. d5 c5 20. Rc2 g5 21. Qc1 g4 22.
Nh4 Bxh2+ 23. Kh1 Bd6 24. Bxc5 Bxc5 25. Rxc5 Qxc5 26. Qxc5+ Kb7 27. Re7+ Ka6 28. a4 Rxd5 29. Bxd5 Nxd5 30. Qb5# 1-0

[Event "Live Chess"]
[Site "Chess.com"]
[Date "2024.06.01"]
[Round "-"]
[White "gobbles19"]
[Black "Sweet-O"]
[Result "1-0"]
[WhiteElo "2263"]
[BlackElo "1549"]
[TimeControl "300"]
[EndTime "14:03:15 PDT"]
[Termination "gobbles19 won by resignation"]

1. e4 e5 2. d4 Nf6 3. dxe5 Nxe4 4. Bc4 c6 5. Nf3 b5 6. Bxb5 Qb6 7. Qe2 Bc5 8. Qxe4 Qxb5 9. Nc3 Qb6 10. O-O Ba6 11. Na4 Qb4 12. Nxc5 Qxc5 13. Re1 O-O 14. Ng5 g6 15.
Qh4 h6 16. Qxh6 1-0

[Event "Live Chess"]
[Site "Chess.com"]
[Date "2024.06.01"]
[Round "-"]
[White "bobby_jamesFischer86"]
[Black "grillage"]
[Result "1-0"]
[WhiteElo "1633"]
[BlackElo "1866"]
[TimeControl "300"]
[EndTime "14:03:54 PDT"]
[Termination "bobby_jamesFischer86 won by checkmate"]

1. d4 e6 2. c4 Bb4+ 3. Bd2 Bxd2+ 4. Nxd2 Nf6 5. e4 d6 6. Ngf3 Qe7 7. Bd3 e5 8. d5 a5 9. Qc2 Nbd7 10. O-O O-O 11. a3 a4 12. b4 axb3 13. Nxb3 b6 14.
Rfc1 Nh5 15. g3 Nc5 16. Nxc5 bxc5 17. a4 Bg4 18. Nh4 Ra5 19. f3 Bd7 20. Nf5 Bxf5 21. exf5 Rfa8 22. Kg2 Qd7 23. Rcb1 Nf6 24. g4 h6 25. h4 Rxa4 26. Rxa4 Qxa4 27. Qxa4 Rxa4 28. Rb7 Ne8 29. Kf2 Kf8 30. Ke3 Ke7 31. f4 f6 32. g5 Kd7 33. fxe5 fxe5 34. f6 gxf6 35. Bf5+ Ke7 36. gxh6 Rxc4 37. h5 Kf8 38. Rb8 Rh4 39. Bg6 Ke7 40. Rxe8+ Kd7 41. h7 c6 42.
h8=Q cxd5 43. Qg7+ Kc6 44. Rc8+ Kb5 45. Qb7+ Kc4 46. Bd3+ Kc3 47. Qxd5 Rh3+ 48. Ke2 Rxh5 49. Rxc5+ Kb4 50. Qc4+ Ka3 51. Rb5 Rh2+ 52. Ke3 Rh3+ 53. Kd2 Rh2+ 54. Kc3 Rc2+ 55. Kxc2 d5 56. Qb3# 1-0

[Event "Live Chess"]
[Site "Chess.com"]
[Date "2024.06.01"]
[Round "-"]
[White "CCGoodKnightRookie"]
[Black "ogpin"]
[Result "1-0"]
[WhiteElo "2310"]
[BlackElo "2220"]
[TimeControl "300"]
[EndTime "14:03:57 PDT"]
[Termination "CCGoodKnightRookie won by resignation"]

1. d4 a5 2. e4 Ra6 3. Bxa6 Nxa6 4. Nf3 b6 5. Qe2 Bb7 6. Nc3 g6 7. h4 h5 8. a3 Bg7 9. Bf4 e6 10. Bg5 Qa8 11. Bf4 Nf6 12. e5 Ne4 13. Nxe4 Bxe4 14. c3 c5 15. Rd1 O-O 16. Rg1 Rc8 17. Ng5 Bd5 18. g4 hxg4 19. Qxg4 cxd4 20. cxd4 Be4 21.
Be3 Bf5 22. Qf3 Qxf3 23. Nxf3 Rc2 24. Rd2 Rc1+ 25. Ke2 Rc6 26. h5 Nc7 27. hxg6 Bxg6 28. Nh4 Bh5+ 29. f3 Kf8 30. Kd3 Nd5 31. Rdg2 Nxe3 32.
Kxe3 Bh6+ 33. f4 Ke7 34. Rg8 Rc2 35. Rh8 Re2+ 36. Kd3 Rh2 37. Rxh6 Rxh4 38. Kd2 Rh2+ 39. Kc1 Rh3 40. Rg5 Rh1+ 41. Kd2 Rh2+ 42. Ke3 Re2+ 43. Kd3 Bf3 44. Rg3 1-0

[Event "Live Chess"]
[Site "Chess.com"]
[Date "2024.06.01"]
[Round "-"]
[White "Crowded_House"]
[Black "imchessive"]
[Result "1/2-1/2"]
[WhiteElo "1738"]
[BlackElo "1605"]
[TimeControl "300"]
[EndTime "14:03:58 PDT"]
[Termination "Game drawn by repetition"]

1. d4 f5 2. Bg5 d6 3. e3 Nd7 4.
Nf3 Ngf6 5. Bd3 g6 6. O-O Bg7 7.
c3 h6 8. Bh4 O-O 9. h3 e5 10.
dxe5 dxe5 11. Bc4+ Kh7 12. Bg3 Qe7 13. Qb3 Nc5 14.
Qc2 e4 15. Nd4 a6 16. b4 b5 17. Be2 Ne6 18. Nxe6 Qxe6 19. Nd2 Rf7 20. Qb3 Qxb3 21.
Nxb3 Rd7 22. Rfd1 c6 23. Nc5 Rd5 24. Rac1 Nd7 25. Nxd7 Bxd7 26. Rxd5 cxd5 27. Bd6 Rc8 28. Bc5 Bf8 29. Bxf8 Rxf8 30. Kf1 Rc8 31. Ke1 Kg7 32. Kd2 Kf6 33. g3 g5 34. Rc2 f4 35. a3 fxg3 36. fxg3 Bxh3 37. Rc1 Ke5 38. Bf1 Bg4 39. Bg2 Rf8 40.
Rf1 Rxf1 41. Bxf1 h5 42. Ke1 Bf3 43. Kf2 Kf5 44. Bh3+ Bg4 45. Bf1 h4 46. gxh4 gxh4 47. Kg1 Kg5 48. Kh2 Bf3 49. Kh3 Bg4+ 50. Kh2 Be6 51.
Be2 Bg4 52. Bf1 1/2-1/2

[Event "Live Chess"]
[Site "Chess.com"]
[Date "2024.06.01"]
[Round "-"]
[White "road2gm5000"]
[Black "upoe610"]
[Result "0-1"]
[WhiteElo "1082"]
[BlackElo "2235"]
[TimeControl "300"]
[EndTime "14:04:00 PDT"]
[Termination "upoe610 won by resignation"]

1. e4 e5 2. Nf3 Nc6 3. Bb5 a6 4. Bxc6 dxc6 5. Nc3 Bd6 6. d4 exd4 7. Qxd4 f6 8. e5 fxe5 9. Nxe5 Qe7 10. Bf4 c5 11.
Qe3 Nf6 12. h3 b5 13. O-O-O b4 14. Nd5 Nxd5 15. Rxd5 Be6 16. Rdd1 O-O 17. g3 Qf6 18. Nd3 Rae8 19. Bxd6 cxd6 20. Nf4 Bxa2 21. Qd3 Bf7 22. Qxd6 Qxd6 23. Rxd6 g5 24. Nd3 Rc8 25. Rxa6 b3 26. cxb3 Bxb3 27. Ra5 c4 28. Ne5 Rxf2 29. Ng4 Rc2+ 30.
Kb1 Rg2 31. Rxg5+ Kh8 32. Ne5 Bc2+ 33. Kc1 Be4 34. Re1 Rc2+ 35. Kd1 Rd8+ 0-1

[Event "Live Chess"]
[Site "Chess.com"]
[Date "2024.06.01"]
[Round "-"]
[White "Eva3337"]
[Black "Isambard_Thomas"]
[Result "0-1"]
[WhiteElo "1165"]
[BlackElo "2164"]
[TimeControl "300"]
[EndTime "14:04:08 PDT"]
[Termination "Isambard_Thomas won by resignation"]

1. e4 Nc6 2. Nf3 d5 3. e5 Bg4 4. d4 e6 5. c3 f6 6. Be2 Be7 7. h3 Bxf3 8. Bxf3 fxe5 9. O-O e4 10. Bg4 Qd7 11. f3 exf3 12. Qxf3 Nf6 13. Bh5+ g6 14. Bg5 Nxh5 15. Qf7+ Kd8 16. Bxe7+ Qxe7 17. Qxe7+ Kxe7 18. Na3 a6 19. Rf2 Rhf8 20. Raf1 Rxf2 21. Rxf2 Nf6 22. Nc2 Ne4 23. Re2 Rf8 24. Ne1 Ng3 25. Re3 Rf1+ 26.
Kh2 Nf5 27. Re2 Na5 28. Nf3 Nc4 29. g4 Nfe3 30. Ng5 h6 31. Nxe6 Kxe6 0-1

[Event "Live Chess"]
[Site "Chess.com"]
[Date "2024.06.01"]
[Round "-"]
[White "KeithArkell"]
[Black "f4nomore"]
[Result "1-0"]
[WhiteElo "2460"]
[BlackElo "1213"]
[TimeControl "300"]
[EndTime "14:04:20 PDT"]
[Termination "KeithArkell won on time"]

1. d4 g6 2. Nf3 Bg7 3. c4 d6 4. Nc3 Nf6 5. g3 O-O 6. Bg2 Nbd7 7. d5 c6 8. dxc6 bxc6 9. Nd4 c5 10. Nc6 Qe8 11.
Nxe7+ Qxe7 12. Bxa8 Ba6 13. Bd5 Nxd5 14. Qxd5 Nf6 15.
Qd3 Bb7 16. O-O Qe6 17. Bg5 Qh3 18. f3 Ng4 19. Rf2 Nxf2 20. Kxf2 Qxh2+ 21. Ke3 Bd4+ 22. Kd2 Qxg3 23. Be3 Bg7 24. Rh1 Qg2 25. Rg1 Qh3 26. b3 Qh2 27. Nd5 Bxd5 28. Qxd5 Qe5 29. Qxe5 Bxe5 30.
f4 Bg7 31. f5 Re8 32. Bf4 Re4 33. e3 a5 34. Kd3 Re8 35. e4 Be5 36. Bh6 Bf6 37. Bd2 Kg7 38. a4 h6 39. Bxa5 Re7 40.
Bd2 g5 41. a5 Ra7 42. Kc2 Ra6 43. Kb1 Be5 44. Ka2 f6 45. Ka3 Kf7 46. Ka4 Ra8 47. Kb5 Rb8+ 48. Kc6 Rxb3 49. a6 Ra3 50. Kb7 Rb3+ 51.
Ka8 d5 52. exd5 Rb8+ 53. Ka7 Rb2 54. Ba5 Bb8+ 55. Ka8 Bd6 56. a7 Ra2 57. Bb6 Rb2 58.
Kb7 1-0

[Event "Live Chess"]
[Site "Chess.com"]
[Date "2024.06.01"]
[Round "-"]
[White "degringolade64"]
[Black "jimwad"]
[Result "1-0"]
[WhiteElo "2125"]
[BlackElo "1296"]
[TimeControl "300"]
[EndTime "14:04:20 PDT"]
[Termination "degringolade64 won by resignation"]

1. e4 e5 2. Nf3 Nc6 3. Bb5 Nf6 4. O-O d6 5. Bxc6+ bxc6 6. d4 exd4 7. Qxd4 Be7 8. Nc3 O-O 9. b3 Ba6 10. Re1 c5 11.
Qd2 h6 12. Bb2 Bb7 13. Rad1 Nd7 14. Nd5 Bg5 15. Qc3 Bf6 16. Nxf6+ Nxf6 17. Qc4 a5 18. e5 Nh7 19. exd6 cxd6 20. Be5 Ba6 21. Qc3 f6 22. Bxd6 Rf7 23. Bxc5 Qc8 24. Bd4 Qxc3 25. Bxc3 Rc8 26. Bxa5 Rxc2 27. Re8+ Rf8 28. Rxf8+ Nxf8 29. h4 Ne6 30.
Rd2 Rc1+ 31. Kh2 Kh7 32. Bb6 Bc8 33. a4 Rb1 34. Rd3 Nf4 35. Rc3 Ne2 36. Rxc8 Rxb3 37. a5 Nf4 38. Be3 Nd5 39. a6 Nxe3 40. fxe3 Rxe3 41.
a7 Ra3 42. a8=Q 1-0

[Event "Live Chess"]
[Site "Chess.com"]
[Date "2024.06.01"]
[Round "-"]
[White "PughmanChess"]
[Black "StoreySniper"]
[Result "0-1"]
[WhiteElo "1379"]
[BlackElo "2535"]
[TimeControl "300"]
[EndTime "14:04:23 PDT"]
[Termination "StoreySniper won by resignation"]

1. e4 g6 2. d4 Bg7 3. Nf3 c5 4.
dxc5 Qa5+ 5. Bd2 Qxc5 6. Bc3 Nf6 7. Nbd2 Ng4 8. Qe2 Bxc3 9. bxc3 Qxc3 10. Rb1 Nc6 11. h3 Nge5 12. Nxe5 Nxe5 13. f4 Nc6 14. Qd3 Qf6 15. f5 O-O 16. fxg6 fxg6 17. Nf3 e6 18. Be2 Ne5 19. Nxe5 Qxe5 20. Bf3 Qg3+ 21. Ke2 b6 22. e5 Qxe5+ 23. Qe4 Ba6+ 24. Kf2 Qxe4 0-1

[Event "Live Chess"]
[Site "Chess.com"]
[Date "2024.06.01"]
[Round "-"]
[White "GwaryTek"]
[Black "CarmelJane"]
[Result "0-1"]
[WhiteElo "1918"]
[BlackElo "2094"]
[TimeControl "300"]
[EndTime "14:04:27 PDT"]
[Termination "CarmelJane won on time"]

1. d4 g6 2. c4 Bg7 3. Nc3 c5 4. d5 Bxc3+ 5. bxc3 f5 6. h4 Nf6 7. h5 Qa5 8. hxg6 Ne4 9. Bd2 Kf8 10.
Rxh7 Rxh7 11. gxh7 Kg7 12. e3 Nf6 13. Qf3 d6 14. Nh3 Kxh7 15. Nf4 Nbd7 16. Qh3+ Kg7 17.
Qxf5 Ne5 18. Qg5+ Kf8 19. Be2 Nf7 20. Qh4 Bf5 21. Ne6+ Ke8 22. Ng7+ Kd7 23. Nxf5 Rh8 24. Qg3 Rh1+ 25. Bf1 Ne5 26. f3 Nd3+ 27. Ke2 Ne5 28. Qf4 Qa4 29. g4 Nxc4 30. Qxc4 Qxc4+ 31. Kf2 Rh2+ 0-1